 Dungeon Crawl Stone Soup version 0.11.3 (webtiles) character file.

543 Aargh the Sneak (level 6, -2/43 HPs)
             Began as a Human Wanderer on July 13, 2013.
             Was an Initiate of Vehumet.
             Slain by an orc warrior
             ... wielding a +0,+0 orcish scimitar
              (22 damage)
             ... on Level 6 of the Dungeon.
             The game lasted 01:06:23 (5456 turns).

Aargh the Sneak (Human Wanderer)                    Turns: 5456, Time: 01:06:45

HP  -2/43        AC  6     Str 12      XL: 6   Next: 49%
MP   8/8         EV  9     Int 15      God: Vehumet [......]
Gold 269         SH  0     Dex 13      Spells:  0 memorised,  8 levels left

Res.Fire  : . . .   See Invis. : .   n - +1,+2 elf short sword
Res.Cold  : . . .   Warding    : .   i - +0 dwarf ring mail
Life Prot.: . . .   Conserve   : .   (no shield)
Res.Poison: .       Res.Corr.  : .   q - +0 helmet
Res.Elec. : .       Clarity    : .   (no cloak)
Sust.Abil.: . .     Spirit.Shd : .   (no gloves)
Res.Mut.  : .       Stasis     : .   (no boots)
Res.Rott. : .       Ctrl.Telep.: +   (no amulet)
Saprovore : . . .   Levitation : .   z - +1 ring of intelligence Ctrl.Flight: .
                                     g - ring of teleport control

@: slightly resistant to hostile enchantments, unstealthy
A: no striking features
a: Renounce Religion


You were on level 6 of the Dungeon.
You worshipped Vehumet.
Vehumet was pleased with you.
You were very hungry.

You visited 2 branches of the dungeon, and saw 7 of its levels.

You collected 294 gold pieces.
You spent 75 gold pieces at shops.

Dungeon Overview and Level Annotations

Branches:
Dungeon (6/27)             Temple (1/1) D:5
    Orc: D:6-11

Altars:
Ashenzari
Cheibriados
Elyvilon
Fedhas
Makhleb
Nemelex Xobeh
Okawaru
Sif Muna
Trog
Vehumet
Xom
Zin
the Shining One

Shops:
D:6: *

Annotations
D:4 Crazy Yiuf
D:5 Aargh's ghost, average HuCj


   Skills:
 + Level 2.5 Fighting
 + Level 2.5 Short Blades
   Level 2.0 Crossbows
 - Level 1.0 Armour
 + Level 2.4 Dodging
 * Level 2.6 Stealth
 * Level 2.3 Stabbing
 * Level 1.5 Traps & Doors
 - Level 2.0 Unarmed Combat
 * Level 1.6 Spellcasting
 * Level 1.6 Evocations


You had 8 spell levels left.
You didn't know any spells.

Inventory:

Hand weapons
 d - a +0,+0 dagger
 j - a +0,+0 club
 l - a +0,+0 club (quivered)
 n - a +1,+2 elven short sword (weapon)
 u - a +0,+0 dagger
 x - a cursed -1,+0 bow
 D - a -2 orcish blowgun
 E - a +0,+0 dwarven dagger
Missiles
 b - 8 needles of slowing
 s - 41 arrows
 y - 2 throwing nets
 B - 5 needles of confusion
 F - 19 poisoned needles
Armour
 i - a +0 dwarven ring mail (worn)
 q - a +0 helmet (worn)
Magical devices
 C - a wand of digging (11)
Comestibles
 c - 2 bread rations
 w - 4 chunks of orc flesh {@w1}
 A - 2 pears
Scrolls
 a - 4 scrolls of fear
 f - a scroll of curse weapon {unknown}
 h - a scroll of random uselessness {unknown}
 k - a scroll of identify
 m - a scroll of curse armour {unknown}
 r - a scroll of enchant armour {unknown}
 t - a scroll of recharging {unknown}
 v - a scroll of magic mapping
Jewellery
 g - a ring of teleport control (left hand)
 z - a +1 ring of intelligence (right hand)
Potions
 e - a potion of invisibility
 o - 4 potions of curing
 p - a potion of levitation {unknown}
 G - a potion of heal wounds {unknown}


Message History

The crimson imp blinks!
The crimson imp blinks!
The orc warrior barely misses you.
The crimson imp hits you but does no damage.
The crimson imp blinks!
The crimson imp blinks!
The crimson imp hits you.
You hit the crimson imp.
The crimson imp is lightly wounded.
The crimson imp hits you.
You hit the crimson imp.
The crimson imp is lightly wounded.
The crimson imp blinks!
You barely miss the orc warrior.
The orc warrior is lightly wounded.
The orc warrior hits you with an orcish scimitar!
You miss the crimson imp. The crimson imp hits you.
The orc warrior barely misses you.
Read which item? (? for menu, Esc to quit)
As you read the scroll of fear, it crumbles to dust.
You assume a fearsome visage.
The crimson imp is unaffected.
The orc warrior looks frightened!
The jelly looks frightened!
The crimson imp barely misses you.
The orc warrior turns to fight!
You closely miss the crimson imp.
The crimson imp blinks!
The crimson imp hits you.
The orc warrior hits you but does no damage.
You hit the orc warrior but do no damage.
The orc warrior is lightly wounded.
The crimson imp hits you.
You barely miss the orc warrior.
The orc warrior is lightly wounded.
The crimson imp hits you but does no damage.
The orc warrior closely misses you.
You barely miss the orc warrior.
The orc warrior is lightly wounded.
The crimson imp hits you.
* * * LOW HITPOINT WARNING * * *
The orc warrior hits you with an orcish scimitar!
Ouch! That really hurt!
You die...

#.#.# ###
#.#....J...#
#.########.# #.# #.#
#.# #.# #.# ### #.#
###.####.###.#
........#....#######
###.#..###J....o@5.#
#.#.#.#.#.######.#
#...# .##.# #
#...#.# ##o#
#.###.#####.#
#.###.J...J.###
#.............#
#..........##.#
.#.###...### .#


You could see an orc warrior, a jelly (fleeing) and a crimson imp.

Vanquished Creatures
  A centaur (D:4)
  2 hounds (D:4)
  Ijyb (D:3)
  3 adders
  2 worms
  A bat skeleton (D:6)
  A giant eyeball (D:4)
  4 giant geckos
  8 orcs
  10 bats
  6 goblins
  3 hobgoblins
  4 jackals (D:4)
  3 oozes
  A quokka (D:3)
  3 ball pythons
  2 giant newts
  A hobgoblin skeleton (D:2)
  9 kobolds
  3 rats
68 creatures vanquished.

Vanquished Creatures (others)
  A goblin (D:6)
  A rat (D:1)
  A toadstool (D:3)
3 creatures vanquished.

Grand Total: 71 creatures vanquished

Notes
Turn   | Place    | Note
--------------------------------------------------------------
     0 | D:1      | Aargh, the Human Wanderer, began the quest for the Orb.
     0 | D:1      | Reached XP level 1. HP: 14/14 MP: 1/1
   524 | D:1      | Reached XP level 2. HP: 7/20 MP: 2/2
  1509 | D:3      | Found an iron altar of Okawaru.
  1577 | D:3      | Reached XP level 3. HP: 25/25 MP: 3/3
  2066 | D:2      | Reached skill level 1 in Short Blades
  2323 | D:2      | Reached XP level 4. HP: 30/32 MP: 4/4
  2471 | D:2      | Reached skill level 1 in Dodging
  2736 | D:5      | Entered Level 5 of the Dungeon
  2753 | D:5      | Noticed Aargh's ghost (average HuCj)
  2822 | D:4      | Reached skill level 1 in Spellcasting
  2868 | D:4      | Reached XP level 5. HP: 12/37 MP: 6/6
  3116 | D:4      | Reached skill level 2 in Short Blades
  3183 | D:4      | Noticed Crazy Yiuf
  3495 | D:5      | Found a staircase to the Ecumenical Temple.
  3504 | Temple   | Entered the Ecumenical Temple
  3586 | Temple   | Became a worshipper of Vehumet
  3724 | D:5      | Noticed a centaur
  3762 | D:4      | Reached skill level 1 in Traps & Doors
  3800 | D:3      | Reached skill level 2 in Stabbing
  4063 | D:3      | Noticed Ijyb
  4140 | D:3      | Killed Ijyb
  4612 | D:4      | Paralysed by a giant eyeball for 2 turns
  4692 | D:4      | Killed a centaur
  4692 | D:4      | Reached skill level 2 in Dodging
  4692 | D:4      | Reached skill level 1 in Evocations
  4692 | D:4      | Reached XP level 6. HP: 19/43 MP: 6/8
  5162 | D:6      | Found Feisef's Assorted Antiques.
  5170 | D:6      | Bought a scroll labeled UDIWUU XOALOFF for 25 gold pieces
  5170 | D:6      | Bought a scroll labeled CHEJAI TUSUJAA {tried on bubbling yellow potion} for 25 gold pieces
  5170 | D:6      | Bought a scroll labeled URIPIP SHITZ for 25 gold pieces
  5326 | D:6      | Noticed an orc warrior
  5456 | D:6      | Slain by an orc warrior
